 Dungeon Crawl Stone Soup version 0.24-a0-528-g98e85ec62a (webtiles) character file.

Game seed: 13256525541703014670

83 Gynju the Shooter (level 4, 0/35 HPs)
             Began as a Centaur Arcane Marksman on Aug 5, 2019.
             Was an Initiate of Cheibriados.
             Hit by a goblin thrown by Robin (1 damage)
             ... on level 3 of the Dungeon.
             The game lasted 00:09:09 (3122 turns).

Gynju the Shooter (Centaur Arcane Marksman)         Turns: 3122, Time: 00:09:10

Health: 0/35       AC:  5    Str: 13    XL:     4   Next: 22%
Magic:  6/6        EV: 10    Int: 13    God:    Cheibriados [......]
Gold:   140        SH:  0    Dex: 12    Spells: 2/6 levels left

rFire    . . .     SeeInvis .   b - +0 mace
rCold    . . .     Gourm    .   (no shield)
rNeg     . . .     Faith    .   e - +0 robe
rPois    .         Spirit   .   (no helmet)
rElec    .         Reflect  .   v - +0 cloak
rCorr    .         Harm     .   (no gloves)
MR       .....                  (no barding)
Stlth    +.........             (no amulet)
HPRegen  0.11/turn              (no ring)
MPRegen  0.10/turn              (no ring)

@: no status effects
A: large, hooves 3, deformed body, speed 2, tough skin 3
a: Bend Time, Renounce Religion


You were on level 3 of the Dungeon.
You worshipped Cheibriados.
Cheibriados was noncommittal.
You were not hungry.

You visited 1 branch of the dungeon, and saw 3 of its levels.

You collected 140 gold pieces.

Inventory:

Hand Weapons
 a - a +0 shortbow
 b - a +0 mace (weapon)
Missiles
 d - 20 arrows
 j - 49 stones (quivered)
 s - 13 poisoned darts
Armour
 e - a +0 robe (worn)
 v - a +0 cloak (worn)
Jewellery
 q - a +2 ring of intelligence {unknown}
Wands
 o - a wand of random effects (12)
Scrolls
 g - 2 scrolls of identify {unknown}
 i - 2 scrolls of blinking {unknown}
 m - a scroll of teleportation {unknown}
 n - a scroll of random uselessness {unknown}
 u - a scroll of amnesia {unknown}
 w - a scroll of immolation {unknown}
Potions
 c - a potion of mutation {unknown}
 h - 3 potions of curing {unknown}
 k - a potion of heal wounds {unknown}
 l - 2 potions of flight {unknown}
 p - 2 potions of haste
 r - a potion of lignification {unknown}
Comestibles
 f - 5 rations
 t - 7 chunks of flesh


   Skills:
 - Level 1.0 Fighting
 + Level 4.0 Bows
 - Level 1.3 Dodging
 + Level 1.9 Spellcasting
 + Level 3.4 Hexes
 + Level 0.3 Translocations


You had 2 spell levels left.
You knew the following spells:

 Your Spells              Type           Power        Failure   Level  Hunger
a - Corona                Hex            ##.....      6%          1    ##.....
b - Portal Projectile     Hex/Tloc       #.....       34%         3    ####...

Your spell library contained the following spells:

 Spells                   Type           Power        Failure   Level  Hunger
 Slow                     Hex            ##......     10%         2    ###....
 Ensorcelled Hibernation  Hex/Ice        #.....       19%         2    ###....
 Magic Dart               Conj           #...         26%         1    ##.....
 Blink                    Tloc           N/A          34%         2    ###....
 Call Imp                 Summ           #.......     36%         2    ###....
 Confuse                  Hex            ##......     19%         3    ####...
 Tukima's Dance           Hex            ##......     19%         3    ####...
 Dazzling Spray           Conj/Hex       #.....       36%         3    ####...
 Inner Flame              Hex/Fire       #.......     36%         3    ####...
 Cause Fear               Hex            ##........   52%         4    #####..
 Conjure Flame            Conj/Fire      #.......     61%         3    ####...
 Mephitic Cloud           Conj/Pois/Air  #.......     61%         3    ####...
 Leda's Liquefaction      Hex/Erth       #.........   77%         4    #####..


Dungeon Overview and Level Annotations

Branches:
Dungeon (3/15)

Altars:
Cheibriados
Fedhas
Qazlal
Sif Muna
Wu Jian

Annotations:
D:3 Robin


Innate Abilities, Weirdness & Mutations

You have hooves in place of feet.
Armour fits poorly on your strangely shaped body.
You cover ground very quickly.
You have extremely tough skin. (AC +3)


Message History

The goblin unwields a +0 club.
The goblin wields a +0 hunting sling.
The goblin shoots a stone.
The stone completely misses you.
The goblin shoots a stone.
The stone closely misses you.
The goblin no longer looks unusually strong.
Robin roars a battlecry!
The goblin goes into a battle-frenzy!
You see here a leopard gecko skeleton.
Robin says, "Kneel, worm!"
Robin throws the goblin at you!
You hit the goblin.
The goblin is severely wounded.
The goblin barely misses you.
The hobgoblin hits you but does no damage.
You closely miss the goblin. You kick the goblin.
You kill the goblin!
Cheibriados appreciates the change of pace.
The hobgoblin hits you with a cursed +0 club!
* * * LOW HITPOINT WARNING * * *
Robin throws the goblin at you!
You die...

########### #.........#
##.#######.## ###..# #..#
....### ##.## ########
.#....#### #..## #......#
.####....#####..######......#
.# ####.......g@g.g.gg.....#
.##############.######......#
........# #)# #......#
#######.#######.## #......#
......#..........## #.>....#
#####<..########..# ####g###
###.###### ##.# #g#
#..).รท.####.# #.##
######..##..# #.g#


You could see Robin, 2 hobgoblins and 2 goblins.

Vanquished Creatures
  2 oozes
  A worm (D:2)
  3 dart slugs
  3 leopard geckos
  7 bats
  3 giant cockroaches (D:1)
  7 goblins
  8 hobgoblins
  5 jackals
  8 kobolds
  A quokka (D:3)
  A ball python (D:1)
  5 frilled lizards
  4 rats
58 creatures vanquished.

Notes
Turn   | Place    | Note
-------+----------+-------------------------------------------
     0 | D:1      | Gynju the Centaur Arcane Marksman began the quest for the
                  | Orb.
     0 | D:1      | Reached XP level 1. HP: 16/16 MP: 2/2
    82 | D:1      | Reached skill level 3 in Bows
    87 | D:1      | Reached XP level 2. HP: 23/23 MP: 3/3
  1004 | D:1      | Reached XP level 3. HP: 28/28 MP: 5/5
  1381 | D:2      | Found an ornate altar of the Wu Jian Council.
  1818 | D:2      | Learned a level 3 spell: Portal Projectile
  2271 | D:2      | Found a snail-covered altar of Cheibriados.
  2271 | D:2      | Found a deep blue altar of Sif Muna.
  2274 | D:2      | Became a worshipper of Cheibriados the Contemplative
  2917 | D:3      | Reached XP level 4. HP: 35/35 MP: 6/6
  2958 | D:3      | Found a stormy altar of Qazlal.
  2962 | D:3      | Found a blossoming altar of Fedhas.
  3074 | D:3      | Reached skill level 4 in Bows
  3091 | D:3      | Noticed Robin
  3121 | D:3      | HP: 1/35 [hobgoblin/cursed +0 club[Robin] (10)]
  3122 | D:3      | Hit by a goblin thrown by Robin

Levels and vault maps discovered:
D:1:      dpeg_arrival_round_b, layout_rooms
D:2:      layout_loops_ring, marbit_many_paths,
          gammafunk_temple_overflow_elements, first_ration,
          minmay_randomly_rotated_circles
D:3:      layout_rooms, grunt_temple_overflow_forces_of_nature,
          minmay_tree_intersection, uniq_robin

Skill      XL: |  1  2  3  4 |
---------------+-------------+-----
Bows           | 3 4 |  4.0
Hexes          | 3 |  3.4
Fighting       | |  1.0
Dodging        | |  1.3
Spellcasting   | |  1.9
Translocations | |  0.3

Action                   |  1- 3 |  4- 6 || total
-------------------------+-------+-------++-------
Melee: Unarmed           |    67 |       ||    67
       Kick              |    25 |     4 ||    29
       Mace              |    87 |    11 ||    98
 Fire: Shortbow          |    37 |    11 ||    48
  Eat: Chunk             |     6 |       ||     6
Armor: Robe              |    89 |     8 ||    97
Dodge: Dodged            |    90 |    19 ||   109

Table legend:
 A = Non-vault XP
 B = Vault XP
 C = Vault XP percentage of total XP
 D = Non-vault monster count
 E = Vault monster count
 F = Vault count percentage of total count
                 A         B        C        D         E       F
            +---------+---------+-------+---------+---------+-------
      Total |      98 |      21 |  17.6 |      48 |      10 |  17.2
            +---------+---------+-------+---------+---------+-------
        D:1 |      50 |       0 |   0.0 |      24 |       0 |   0.0
        D:2 |      22 |      16 |  42.1 |      12 |       7 |  36.8
        D:3 |      26 |       5 |  16.1 |      12 |       3 |  20.0
            +---------+---------+-------+---------+---------+-------
